PCL
HOUSTON HAMMERTIME @ WALLA WALLA ALL-STARS
04/16/2023
 
TOP OF THE 1ST
Houston Hammertime batting - Pitching for Walla Walla All-Stars : RHP Chris Sullivan
Pitching: RHP Chris Sullivan
Batting: LHB Tony Tavárez 0-0: DOUBLE (Flyball, 7LM)
Batting: RHB Santo Cruz 0-0: Swinging Strike
0-1: Ball
1-1: SINGLE (Flyball, 7LS)
Tony Tavárez to third
Runner from 3rd tries for Home, SAFE, no throw or cutoff
Batting: RHB Buck Jones 0-0: Called Strike
0-1: Ball
1-1: DOUBLE (Line Drive, 89XD)
Santo Cruz to third
Batting: SHB Cristo Ontiveros 0-0: Swinging Strike
0-1: Ball
1-1: Foul Ball, location: 2F
1-2: 3-RUN HOME RUN (Flyball, 9D), Distance : 378 ft
Batting: LHB Felipe Cruz 0-0: Ground out 4-3 (Groundball, 4M)
Batting: RHB John Pick 0-0: Foul Ball, location: 2F
0-1: Called Strike
0-2: SINGLE (Flyball, 9LS)
Batting: RHB Emílio Carrillo 0-0: Grounds into double play, 1-6-3 (Groundball, 23)
Top of the 1st over - 4 run(s), 5 hit(s), 0 error(s), 0 left on base; Houston 4 - Walla Walla 0
BOTTOM OF THE 1ST
Walla Walla All-Stars batting - Pitching for Houston Hammertime : LHP Martín Reyes
Pitching: LHP Martín Reyes
Batting: LHB Keith Beard 0-0: Ball
1-0: Ball
2-0: Swinging Strike
2-1: Foul Ball, location: 2F
2-2: Ball
3-2: Fly out, F6 (Popup, 56)
Batting: SHB Sean Carr 0-0: Foul Ball, location: 2F
0-1: Ball
1-1: Fly out, F8 (Flyball, 8RM)
Batting: RHB Lorenzo Morín 0-0: Swinging Strike
0-1: Foul Ball, location: 2F
0-2: Ball
1-2: Fly out, F7 (Line Drive, 78S)
Bottom of the 1st over - 0 run(s), 0 hit(s), 0 error(s), 0 left on base; Houston 4 - Walla Walla 0
TOP OF THE 2ND
Houston Hammertime batting - Pitching for Walla Walla All-Stars : RHP Chris Sullivan
Batting: LHB Fernando Camacho 0-0: Swinging Strike
0-1: Ball
1-1: Swinging Strike
1-2: Foul Ball, location: 2F
1-2: Foul Ball, location: 2F
1-2: Foul Ball, location: 2F
1-2: Ball
2-2: SINGLE (Line Drive, 9S)
Batting: RHB Raúl Salas 0-0: Ball
1-0: Foul Ball, location: 2F
1-1: Foul Ball, location: 2F
1-2: SINGLE (Groundball, 56)
Fernando Camacho to second
Batting: LHB Tony Tavárez 0-0: Foul Ball, location: 2F
0-1: Ball
1-1: Fly out, F7 (Flyball, 7LM)
Batting: RHB Santo Cruz 0-0: Called Strike
0-1: Ball
1-1: Foul Ball, location: 2F
1-2: Ball
2-2: Foul Ball, location: 2F
2-2: Fly out, F7 (Flyball, 7D)
Runner from 2nd tags up, SAFE at 3rd, no throw
Batting: RHB Buck Jones 0-0: Fly out, F8 (Flyball, 8RM)
Top of the 2nd over - 0 run(s), 2 hit(s), 0 error(s), 2 left on base; Houston 4 - Walla Walla 0
BOTTOM OF THE 2ND
Walla Walla All-Stars batting - Pitching for Houston Hammertime : LHP Martín Reyes
Batting: RHB Claudio Guerra 0-0: Ball
1-0: Ground out 5-3 (Groundball, 15S)
Batting: RHB Leslie Penn 0-0: Ball
1-0: Foul Ball, location: 2F
1-1: Ball
2-1: Ground out 5-3 (Groundball, 56)
Batting: RHB Jim Dunbar 0-0: Ball
1-0: Called Strike
1-1: Called Strike
1-2: Ground out U3 (Groundball, 3)
Bottom of the 2nd over - 0 run(s), 0 hit(s), 0 error(s), 0 left on base; Houston 4 - Walla Walla 0
TOP OF THE 3RD
Houston Hammertime batting - Pitching for Walla Walla All-Stars : RHP Chris Sullivan
Batting: SHB Cristo Ontiveros 0-0: Ball
1-0: Fly out, F7 (Flyball, 7D)
Batting: LHB Felipe Cruz 0-0: Called Strike
0-1: Ball
1-1: Foul Ball, location: 2F
1-2: Foul Ball, location: 2F
1-2: Ball
2-2: Foul Ball, location: 2F
2-2: SINGLE (Groundball, 34D)
Batting: RHB John Pick 0-0: Ball
1-0: Ball
2-0: 2-RUN HOME RUN (Flyball, 8LXD), Distance : 419 ft
Batting: RHB Emílio Carrillo 0-0: Ball
1-0: Reached on error, E5 (Groundball, 5)
Batting: LHB Fernando Camacho 0-0: Called Strike
0-1: Ball
1-1: Swinging Strike
1-2: Ball
2-2: Foul Ball, location: 2F
2-2: Foul Ball, location: 2F
2-2: Ball
3-2: Foul Ball, location: 2F
3-2: Base on Balls
Emílio Carrillo to second
Batting: RHB Raúl Salas 0-0: Foul Ball, location: 2F
0-1: Grounds into double play, 4-6-3 (Groundball, 4)
Top of the 3rd over - 2 run(s), 2 hit(s), 1 error(s), 1 left on base; Houston 6 - Walla Walla 0
BOTTOM OF THE 3RD
Walla Walla All-Stars batting - Pitching for Houston Hammertime : LHP Martín Reyes
Batting: RHB Daniel Guerrero 0-0: Ball
1-0: Ball
2-0: Ball
3-0: Ground out 5-3 (Groundball, 56)
Batting: RHB Carlos García 0-0: Ball
1-0: Fly out, F8 (Flyball, 8LS)
Batting: RHB Jeff Thompson 0-0: Called Strike
0-1: Ball
1-1: Ground out 4-3 (Groundball, 4)
Bottom of the 3rd over - 0 run(s), 0 hit(s), 0 error(s), 0 left on base; Houston 6 - Walla Walla 0
TOP OF THE 4TH
Houston Hammertime batting - Pitching for Walla Walla All-Stars : RHP Chris Sullivan
Batting: LHB Tony Tavárez 0-0: Called Strike
0-1: SINGLE (Groundball, 34D)
Batting: RHB Santo Cruz 0-0: Called Strike
Tony Tavárez steals 2nd base
0-1: DOUBLE (Line Drive, 7LM)
Tony Tavárez scores
Batting: RHB Buck Jones 0-0: Called Strike
0-1: Ball
1-1: Foul Ball, location: 2F
1-2: Ball
2-2: DOUBLE (Line Drive, 5L)
Santo Cruz scores
Pitching: LHP Pedro Torres
Batting: SHB Cristo Ontiveros 0-0: Foul Ball, location: 2F
0-1: Ball
1-1: Foul Ball, location: 2F
1-2: Ball
2-2: Foul Ball, location: 2F
2-2: Strikes out swinging
Batting: LHB Felipe Cruz 0-0: SINGLE (Line Drive, 6MD)
Buck Jones to third
Batting: RHB John Pick 0-0: Ball
1-0: Called Strike
1-1: SINGLE (Flyball, 34D)
Buck Jones scores
Felipe Cruz to second
Throwing error, E9
Felipe Cruz scores
John Pick to second
Batting: RHB Emílio Carrillo 0-0: Called Strike
John Pick steals 3rd base
0-1: SINGLE (Groundball, 56D)
John Pick scores
Batting: LHB Fernando Camacho 0-0: Ball
1-0: Ball
2-0: Called Strike
2-1: Grounds into double play, 4-6-3 (Groundball, 34)
Top of the 4th over - 5 run(s), 6 hit(s), 1 error(s), 0 left on base; Houston 11 - Walla Walla 0
BOTTOM OF THE 4TH
Walla Walla All-Stars batting - Pitching for Houston Hammertime : LHP Martín Reyes
Batting: LHB Keith Beard 0-0: Ball
1-0: DOUBLE (Line Drive, 9LS)
Batting: SHB Sean Carr 0-0: Ground out 5-3 (Groundball, 56)
Batting: RHB Lorenzo Morín 0-0: Ball
1-0: Ball
2-0: 2-RUN HOME RUN (Flyball, 78XD), Distance : 421 ft
Batting: RHB Claudio Guerra 0-0: Ball
1-0: Ball
2-0: Fly out, F8 (Line Drive, 89D)
Batting: RHB Leslie Penn 0-0: Ball
1-0: Called Strike
1-1: Foul Ball, location: 2F
1-2: Ball
2-2: SINGLE (Groundball, 56D)
Batting: RHB Jim Dunbar 0-0: Called Strike
0-1: Foul Ball, location: 2F
0-2: Strikes out swinging
Bottom of the 4th over - 2 run(s), 3 hit(s), 0 error(s), 1 left on base; Houston 11 - Walla Walla 2
TOP OF THE 5TH
Houston Hammertime batting - Pitching for Walla Walla All-Stars : LHP Pedro Torres
Batting: RHB Raúl Salas 0-0: Called Strike
0-1: Swinging Strike
0-2: Ball
1-2: Foul Ball, location: 2F
1-2: Strikes out swinging
Batting: LHB Tony Tavárez 0-0: Ball
1-0: Ball
2-0: Ball
3-0: Called Strike
3-1: Base on Balls
Batting: RHB Santo Cruz 0-0: Called Strike
0-1: Ball
1-1: Swinging Strike
1-2: Ball
Throwing error on steal attempt, E2
Tony Tavárez to third
2-2: Ball
3-2: Foul Ball, location: 2F
3-2: Strikes out looking
Batting: RHB Buck Jones 0-0: Ball
1-0: Foul Ball, location: 2F
1-1: Ground out 5-3 (Groundball, 56S)
Top of the 5th over - 0 run(s), 0 hit(s), 1 error(s), 1 left on base; Houston 11 - Walla Walla 2
BOTTOM OF THE 5TH
Walla Walla All-Stars batting - Pitching for Houston Hammertime : LHP Martín Reyes
Batting: RHB Daniel Guerrero 0-0: Foul Ball, location: 2F
0-1: Ball
1-1: Called Strike
1-2: Foul Ball, location: 2F
1-2: Ball
2-2: Ground out 6-3 (Groundball, 6M)
Batting: RHB Carlos García 0-0: Called Strike
0-1: Ball
1-1: Fly out, F9 (Flyball, 9LM)
Batting: RHB Jeff Thompson 0-0: Called Strike
0-1: Called Strike
0-2: Ball
1-2: Strikes out swinging
Bottom of the 5th over - 0 run(s), 0 hit(s), 0 error(s), 0 left on base; Houston 11 - Walla Walla 2
TOP OF THE 6TH
Houston Hammertime batting - Pitching for Walla Walla All-Stars : LHP Pedro Torres
Batting: SHB Cristo Ontiveros 0-0: Called Strike
0-1: Swinging Strike
0-2: Foul Ball, location: 2F
0-2: SINGLE (Groundball, 56D)
Batting: LHB Felipe Cruz 0-0: Foul Ball, location: 2F
0-1: SINGLE (Groundball, 6M)
Cristo Ontiveros to second
Batting: RHB John Pick 0-0: Ball
1-0: Swinging Strike
1-1: Swinging Strike
1-2: SINGLE (Groundball, 56D)
Cristo Ontiveros to third
Felipe Cruz to second
Batting: RHB Emílio Carrillo 0-0: Foul Ball, location: 2F
0-1: Fly out, F9 (Line Drive, 9M)
Runner from 3rd tags up, SCORES, throw made
Batting: LHB Fernando Camacho 0-0: Fly out, F9 (Flyball, 89M)
Batting: RHB Raúl Salas 0-0: Ball
1-0: Ball
2-0: Ball
3-0: Base on Balls
Felipe Cruz to third
John Pick to second
Batting: LHB Tony Tavárez 0-0: Ball
1-0: Ground out 4-3 (Groundball, 4)
Top of the 6th over - 1 run(s), 3 hit(s), 0 error(s), 3 left on base; Houston 12 - Walla Walla 2
BOTTOM OF THE 6TH
Walla Walla All-Stars batting - Pitching for Houston Hammertime : LHP Martín Reyes
Pinch Hitting: RHB Pablo Castillo 0-0: Ball
1-0: Swinging Strike
1-1: Foul Ball, location: 2F
1-2: Ground out 1-3 (Groundball, 13S)
Batting: SHB Sean Carr 0-0: Ball
1-0: Ball
2-0: Called Strike
2-1: Ball
3-1: Base on Balls
Batting: RHB Lorenzo Morín 0-0: Ball
1-0: Foul Ball, location: 2F
1-1: Ball
2-1: Foul Ball, location: 2F
2-2: Foul Ball, location: 2F
2-2: SINGLE (Line Drive, 7S)
Sean Carr to second
Batting: RHB Claudio Guerra 0-0: Ball
1-0: Ball
2-0: Ball
3-0: Called Strike
3-1: Called Strike
3-2: Strikes out swinging
Batting: RHB Leslie Penn 0-0: Called Strike
0-1: Called Strike
0-2: Ball
1-2: SINGLE (Line Drive, 56D)
Sean Carr to third
Lorenzo Morín to second
Runner from 3rd tries for Home, SAFE, throw made home
Lorenzo Morín to third
Leslie Penn to second
Batting: RHB Jim Dunbar 0-0: Called Strike
0-1: Ball
1-1: Ball
2-1: Called Strike
2-2: Ball
3-2: Foul Ball, location: 2F
3-2: Base on Balls
Batting: RHB Daniel Guerrero 0-0: Ball
1-0: Ball
2-0: Fly out, F3 (Popup, 3SF)
Bottom of the 6th over - 1 run(s), 2 hit(s), 0 error(s), 3 left on base; Houston 12 - Walla Walla 3
TOP OF THE 7TH
Houston Hammertime batting - Pitching for Walla Walla All-Stars : LHP Pedro Torres
Pitching: RHP António Benítez
Now in CF: Salvador Ruíz
Batting: RHB Santo Cruz 0-0: Ball
1-0: Fly out, F8 (Flyball, 8LXD)
Batting: RHB Buck Jones 0-0: Ball
1-0: SOLO HOME RUN (Flyball, 7LD), Distance : 363 ft
Batting: SHB Cristo Ontiveros 0-0: Fly out, F7 (Flyball, 7LMF)
Batting: LHB Felipe Cruz 0-0: Ball
1-0: Called Strike
1-1: Ball
2-1: Foul Ball, location: 2F
2-2: Ball
3-2: Ground out 3-1 (Groundball, 34)
Top of the 7th over - 1 run(s), 1 hit(s), 0 error(s), 0 left on base; Houston 13 - Walla Walla 3
BOTTOM OF THE 7TH
Walla Walla All-Stars batting - Pitching for Houston Hammertime : LHP Martín Reyes
Pitching: RHP Will Huggins
Batting: RHB Carlos García 0-0: Called Strike
0-1: Called Strike
0-2: Foul Ball, location: 2F
0-2: Ball
1-2: DOUBLE (Line Drive, 9LS)
Batting: RHB Jeff Thompson 0-0: Ball
1-0: Ball
2-0: Ball
3-0: Called Strike
3-1: Base on Balls
Batting: LHB Salvador Ruíz 0-0: Fly out, F4 (Popup, 4M)
Batting: SHB Sean Carr 0-0: Called Strike
0-1: Foul Ball, location: 2F
0-2: Ball
1-2: Fielders Choice at 2nd, 3-6 (Groundball, 3)
Carlos García to third
Batting: RHB Lorenzo Morín 0-0: Called Strike
0-1: Called Strike
0-2: Ball
1-2: Strikes out swinging
Bottom of the 7th over - 0 run(s), 1 hit(s), 0 error(s), 2 left on base; Houston 13 - Walla Walla 3
TOP OF THE 8TH
Houston Hammertime batting - Pitching for Walla Walla All-Stars : RHP António Benítez
Batting: RHB John Pick 0-0: Ball
1-0: Fly out, F7 (Flyball, 7LDF)
Batting: RHB Emílio Carrillo 0-0: Called Strike
0-1: SINGLE (Line Drive, 89S)
Batting: LHB Fernando Camacho 0-0: Ball
1-0: Foul Ball, location: 2F
1-1: Ball
2-1: SINGLE (Groundball, 34)
Emílio Carrillo to second
Emílio Carrillo to third
Batting: RHB Raúl Salas 0-0: Foul Ball, location: 2F
0-1: 3-RUN HOME RUN (Flyball, 8LXD), Distance : 420 ft
Batting: LHB Tony Tavárez 0-0: Ball
1-0: Ball
2-0: Foul Ball, location: 2F
2-1: Foul Ball, location: 2F
2-2: Ground out 6-3 (Groundball, 6)
Pinch Hitting: LHB José Villegas 0-0: Called Strike
0-1: Foul Ball, location: 2F
0-2: Ball
1-2: Ball
2-2: Strikes out swinging
Top of the 8th over - 3 run(s), 3 hit(s), 0 error(s), 0 left on base; Houston 16 - Walla Walla 3
BOTTOM OF THE 8TH
Walla Walla All-Stars batting - Pitching for Houston Hammertime : RHP Will Huggins
Now at 2B: Moo-hyun Pak
Batting: RHB Claudio Guerra 0-0: Foul Ball, location: 2F
0-1: SINGLE (Line Drive, 9LS)
Batting: RHB Leslie Penn 0-0: Ball
1-0: Grounds into double play, 6-4-3 (Groundball, 6M)
Batting: RHB Jim Dunbar 0-0: SINGLE (Groundball, 34D)
Batting: RHB Daniel Guerrero 0-0: Called Strike
0-1: Swinging Strike
0-2: Ball
1-2: Strikes out swinging
Bottom of the 8th over - 0 run(s), 2 hit(s), 0 error(s), 1 left on base; Houston 16 - Walla Walla 3
TOP OF THE 9TH
Houston Hammertime batting - Pitching for Walla Walla All-Stars : RHP António Benítez
Batting: RHB Buck Jones 0-0: Called Strike
0-1: Foul Ball, location: 2F
0-2: Ball
1-2: Ground out U3 (Groundball, 3)
Batting: SHB Cristo Ontiveros 0-0: Called Strike
0-1: Foul Ball, location: 2F
0-2: Ball
1-2: Ground out U3 (Groundball, 3S)
Batting: LHB Felipe Cruz 0-0: Called Strike
0-1: Foul Ball, location: 2F
0-2: Foul Ball, location: 2F
0-2: Ball
1-2: Foul Ball, location: 2F
1-2: Ball
2-2: Ground out U3 (Groundball, 3S)
Top of the 9th over - 0 run(s), 0 hit(s), 0 error(s), 0 left on base; Houston 16 - Walla Walla 3
BOTTOM OF THE 9TH
Walla Walla All-Stars batting - Pitching for Houston Hammertime : RHP Will Huggins
Batting: RHB Carlos García 0-0: Called Strike
0-1: Ground out U3 (Groundball, 3)
Batting: RHB Jeff Thompson 0-0: Foul Ball, location: 2F
0-1: Ball
1-1: Called Strike
1-2: Strikes out looking
Batting: LHB Salvador Ruíz 0-0: Ground out 6-3 (Groundball, 6)
Bottom of the 9th over - 0 run(s), 0 hit(s), 0 error(s), 0 left on base; Houston 16 - Walla Walla 3
This league is powered by Out of the Park Baseball, the baseball management simulation game for PC, Mac and Linux
Wednesday, December 2nd, 2015 - OOTP Baseball 16.8 Build 38